 Dungeon Crawl Stone Soup version 0.16-a0-2059-gf848859 (webtiles) character file.

79 thegroundistoosoft the Insei (level 4, -1/35 HPs)
             Began as a Mummy Monk on Nov 11, 2014.
             Slain by an adder (3 damage)
             ... on level 3 of the Dungeon.
             The game lasted 00:08:48 (3241 turns).

thegroundistoosoft the Insei (Mummy Monk)           Turns: 3241, Time: 00:08:48

Health: -1/35      AC:  1    Str: 14    XL:     4   Next: 17%
Magic:  4/4        EV: 13    Int:  9    God:
Gold:   128        SH:  0    Dex: 15    Spells: 0 memorised, 3 levels left

rFire  x . .     SeeInvis +       - Unarmed
rCold  + . .     Clarity  .     (no armour)
rNeg   + + +     SustAb   .     (no shield)
rPois  +         Gourm    .     (no helmet)
rElec  .         Spirit   .     (no cloak)
rCorr  .         Warding  .     b - +0 pair of gloves
rMut   .         Stasis   .     (no boots)
MR     .....                    (no amulet)
Stlth  +.........               i - ring of positive energy
                                c - ring of see invisible

@: not resistant to hostile enchantments, very unstealthy
A: no food or potions, fire vulnerability, restore body, cold resistance 1,
negative energy resistance 3, poison resistance, torment resistance, unbreathing
a: no special abilities


You were on level 3 of the Dungeon.
You were not hungry.

You visited 1 branch of the dungeon, and saw 3 of its levels.

You collected 128 gold pieces.


Innate Abilities, Weirdness & Mutations

You do not eat or drink.
Your flesh is vulnerable to fire.
Your flesh is cold resistant.
You are immune to negative energy.
Your system is resistant to poisons.
You are immune to unholy pain and torment.
You can survive without breathing.


   Skills:
 - Level 3.0 Fighting
 - Level 2.4 Dodging
 - Level 1.5 Stealth
 + Level 4.7 Unarmed Combat


You had 3 spell levels left.
You didn't know any spells.

Inventory:

Armour
 b - a +0 pair of gloves (worn)
Jewellery
 c - a ring of see invisible (left hand)
 g - an uncursed ring of see invisible
 i - a ring of positive energy (right hand)
Scrolls
 a - 3 scrolls of identify {unknown}
 d - 2 scrolls of random uselessness {unknown}
 e - a scroll of immolation {unknown}
 h - a scroll of enchant weapon {unknown}
Comestibles
 f - 12 fruits (quivered)
 j - a slice of pizza

Dungeon Overview and Level Annotations

Branches:
Dungeon (3/15)

Altars:

Annotations:
D:2 exclusion: upstairs, Terence

#.........
#......... ####
####....####
##≈≈####≈≈##...#
#≈≈≈≈≈≈≈≈≈†...[#
##≈≈####≈≈##...####
#≈## ####.[......
#≈# ########. #@#
#......#. #S#
#.....†#. #≈≈#
##.....'[ ≈≈≈≈≈
#.....#. ##≈≈###
#.....#. ####
#......#. #.%....#.
# ########.
#.########.


You could see an adder.


Message History

Your unstable footing causes you to fumble your attack.
The adder closely misses you.
You hit the adder.
The adder is heavily wounded.
The adder bites you. x2
* * * LOW HITPOINT WARNING * * *
You hit the adder.
The adder is almost dead.
The adder bites you.
* * * LOW HITPOINT WARNING * * *
You barely miss the adder.
The adder is almost dead.
The adder bites you.
* * * LOW HITPOINT WARNING * * *
You barely miss the adder.
The adder is almost dead.
The adder barely misses you.
You closely miss the adder.
The adder is almost dead.
The adder bites you.
* * * LOW HITPOINT WARNING * * *
The adder bites you.
* * * LOW HITPOINT WARNING * * *
Read which item? (? for menu, Esc to quit)
Okay, then.
Your unstable footing causes you to fumble your attack.
The adder barely misses you.
Your unstable footing causes you to fumble your attack.
The adder bites you.
You die...

Action                   |  1- 3 |  4- 6 || total
-------------------------+-------+-------++-------
Melee: Unarmed           |   166 |    57 ||   223

Vault maps used:
D:1:      dpeg_arrival_round_a, supply_closet_lemuel
D:2:      first_bread, minmay_misc_feat_more_columns, uniq_terence
D:3:      gup_sewer_entry_bubbles

Notes
Turn   | Place    | Note
--------------------------------------------------------------
     0 | D:1      | thegroundistoosoft, the Mummy Monk, began the quest for the Orb.
     0 | D:1      | Reached XP level 1. HP: 18/18 MP: 1/1
   554 | D:1      | Reached XP level 2. HP: 24/24 MP: 2/2
  1581 | D:2      | Reached skill level 4 in Unarmed Combat
  1733 | D:2      | Reached XP level 3. HP: 20/29 MP: 3/3
  1932 | D:2      | Noticed Terence
  2773 | D:2      | Reached XP level 4. HP: 28/35 MP: 4/4
  3239 | D:3      | HP: 2/35 [adder (5)]
  3241 | D:3      | Slain by an adder

Vanquished Creatures
  2 adders (D:2)
  An orc (D:3)
  A ball python (D:2)
  4 giant cockroaches
  9 hobgoblins
  5 kobolds
  A quokka (D:2)
  6 bats
  A giant gecko (D:3)
  A giant gecko skeleton (D:3)
  4 giant newts
  12 goblins
  An orc skeleton (D:3)
  11 rats
59 creatures vanquished.
